 Seeded DCSS version 0.29-a0-1027-gcd8c55af63 (webtiles) character file.

Game seed: 20220813 (custom seed)

436 purpskrrrp the Shooter (level 7, 0/51 HPs)
             Began as a Formicid Hunter on Aug 12, 2022.
             Succumbed to an orc's poison
             ... on level 4 of the Dungeon.
             The game lasted 00:12:46 (3240 turns).

purpskrrrp the Shooter (Formicid Hunter)            Turns: 3240, Time: 00:12:47

Health: 0/51       AC:  4    Str: 16    XL:     7   Next: 21%
Magic:  7/7        EV: 12    Int:  8    God:
Gold:   93         SH:  0    Dex: 19    Spells: 6/6 levels left

rFire   . . .      SeeInvis +   t - +0 shortbow (vorpal)
rCold   . . .      Faith    .   (no shield)
rNeg    . . .      Spirit   .   c - +0 leather armour
rPois   .          Reflect  .   (helmet unavailable)
rElec   .          Harm     .   (no cloak)
rCorr   .          Rampage  .   (no gloves)
Will    .....                   v - +0 pair of boots
Stlth   ++........              (no amulet)
HPRegen 0.17/turn               (no ring)
MPRegen 0.10/turn               (no ring)

@: lethally poisoned (0 -> -11)
A: permanent stasis, dig shafts and tunnels, antennae 3, four strong arms
a: Dig, Shaft Self


You were on level 4 of the Dungeon.
You visited 1 branch of the dungeon, and saw 5 of its levels.

You collected 171 gold pieces.
You spent 78 gold pieces at shops.

Inventory:

Hand Weapons
 a - a +0 shortbow
 t - a +0 vorpal shortbow (weapon)
Missiles
 y - 4 javelins
Armour
 c - a +0 leather armour (worn)
 v - a +0 pair of boots (worn)
Jewellery
 l - a +6 ring of intelligence
 s - an amulet of reflection
Wands
 o - a wand of polymorph (4) (quivered)
Scrolls
 b - 2 scrolls of immolation
 d - 3 scrolls of identify {unknown}
 f - 2 scrolls of blinking {unknown}
 g - a scroll of noise {unknown}
 h - 4 scrolls of teleportation {unknown}
 j - a scroll of fog {unknown}
 n - a scroll of brand weapon {unknown}
 q - 2 scrolls of vulnerability {unknown}
 r - a scroll of fear {unknown}
 u - a scroll of poison {unknown}
 x - a scroll of enchant weapon {unknown}
Potions
 e - a potion of flight {unknown}
 i - a potion of degeneration {unknown}
 p - a potion of might
 w - a potion of lignification {unknown}


   Skills:
 - Level 2.7 Fighting
 + Level 7.6 Ranged Weapons
 - Level 2.2 Dodging
 - Level 2.1 Stealth


You had 6 spell levels left.
You didn't know any spells.
Your spell library contained the following spells:

 Spells                   Type           Power      Damage    Failure   Level
 Magic Dart               Conj           0%         1d3       47%         1
 Call Imp                 Summ           0%         N/A       63%         2
 Mephitic Cloud           Conj/Pois/Air  0%         N/A       85%         3
 Alistair's Intoxication  Tmut/Pois      0%         N/A       100%        5
 Borgnjor's Vile Clutch   Necr/Erth      0%         N/A       100%        5
 Eringya's Noxious Bog    Tmut/Pois      0%         N/A       100%        6


Dungeon Overview and Level Annotations

Branches:
Dungeon (5/15)
 Temple: D:4-7

Altars:
Ru

Shops:
D:3 ((([(


Innate Abilities, Weirdness & Mutations

You cannot be hasted, slowed, berserked, paralysed or teleported.
You can dig through walls and to a lower floor.
You have a pair of large antennae on your head. (SInv)
Your four strong arms can wield two-handed weapons with a shield.


Message History

It was a potion of curing.
You feel better.
The orc hits you with a +2 dagger of venom.
* * * LOW HITPOINT WARNING * * *
You are poisoned.
The orc priest closely misses you.
Fire: t) +0 shortbow (vorpal)
Press: ? - help, Shift-Dir - straight line, f/p - orc priest
Aim: an orc priest, wielding a +0 dagger (moderately wounded, 65% to hit)
You shoot an arrow. The arrow hits the orc priest!
You kill the orc priest!
* * * LOW HITPOINT WARNING * * *
You feel sick.
The orc hits you with a +2 dagger of venom.
* * * LOW HITPOINT WARNING * * *
You are more poisoned.
You feel better.
The orc hits you with a +2 dagger of venom.
* * * LOW HITPOINT WARNING * * *
Fire: t) +0 shortbow (vorpal)
Press: ? - help, Shift-Dir - straight line, f - orc
Aim: an orc, wielding a +2 dagger of venom (65% to hit)
You shoot an arrow. The arrow hits the orc.
The orc is moderately wounded.
The orc hits you with a +2 dagger of venom.
* * * LOW HITPOINT WARNING * * *
You are lethally poisoned!
Fire: t) +0 shortbow (vorpal)
Press: ? - help, Shift-Dir - straight line, f/p - orc
Aim: an orc, wielding a +2 dagger of venom (moderately wounded, 65% to hit)
You shoot an arrow. The arrow hits the orc!
You kill the orc!
* * * LOW HITPOINT WARNING * * *
You feel very sick.
Okay, then.
Okay, then.
It was a potion of cancellation.
Your magical effects are unravelling.
You feel magically purged.
You feel a little less mighty now.
You die...

#.### # ##.#.##
####(####.....##
#....#.........#
#####.............#
#.#...........#...#
................# ###..
.............#.)#......
.............##@)......
.............#####.##..##.###.#
........).#...## #.........#.#
..........##...# ##...#....#...
......).####>.###....#.....#..
......#)####.###.....#....#...
...#..#.#...........##.......
.#. #....#......[....##...##...
.## ###..#..##...............#


There were no monsters in sight!

Vanquished Creatures
  A phantom (D:4)
  A scorpion (D:4)
  An orc priest (D:4)
  A hound (D:4)
  2 iguanas (D:4)
  An orc wizard (D:4)
  8 gnolls
  3 adders (D:3)
  An ufetubus (D:4)
  A dart slug (D:4)
  2 orcs (D:4)
  8 ball pythons
  10 endoplasms
  4 goblins
  3 hobgoblins
  3 jackals (D:2)
  4 quokkas
  2 bats
  3 frilled lizards
  6 kobolds
  4 rats
69 creatures vanquished.

Notes
Turn   | Place    | Note
-------+----------+-------------------------------------------
     0 | D:1      | purpskrrrp the Formicid Hunter began the quest for the Orb.
     0 | D:1      | Reached XP level 1. HP: 16/16 MP: 1/1
     6 | D:1      | Noticed a polar bear
     6 | D:1      | Noticed a salamander
     7 | D:1      | Noticed a rime drake
    66 | D:1      | Reached XP level 2. HP: 23/23 MP: 2/2
   367 | D:1      | Reached XP level 3. HP: 27/28 MP: 3/3
  1508 | D:3      | Found Guhuseed's Weapon Shoppe.
  1515 | D:3      | Bought a +0 vorpal shortbow for 78 gold pieces
  1560 | D:3      | Reached XP level 4. HP: 34/34 MP: 4/4
  1658 | D:3      | Found Mavvokar's Armour Emporium.
  1669 | D:3      | Found Isys's Antique Weapon Emporium.
  1706 | D:3      | Found Otopsi's Antique Weapon Emporium.
  1820 | D:3      | Found Acaleha's Weapon Shop.
  1862 | D:3      | Reached skill level 5 in Ranged Weapons
  1951 | D:2      | Reached XP level 5. HP: 36/39 MP: 5/5
  2140 | D:3      | Found a faded altar of an unknown god.
  2499 | D:5      | Entered Level 5 of the Dungeon
  2501 | D:4      | Noticed an ogre
  2754 | D:4      | Reached skill level 6 in Ranged Weapons
  2754 | D:4      | Reached XP level 6. HP: 32/46 MP: 6/6
  3063 | D:4      | Found a sacrificial altar of Ru.
  3118 | D:4      | Reached skill level 7 in Ranged Weapons
  3157 | D:4      | Reached XP level 7. HP: 45/51 MP: 7/7
  3239 | D:4      | HP: 2/51 [poisoned by an orc]
  3240 | D:4      | Succumbed to an orc's poison

Illustrated notes

Levels and vault maps discovered:
D:1:      onia_arrival_zoo_common, layout_basic
D:2:      layout_basic
D:3:      layout_loops_ring, serial_shops, shop, nicolae_shop_stone, shop,
          nicolae_shop_waterfront, shop, ebering_ecumenical_altar_abandoned,
          grunt_ministairs_3
D:4:      layout_cave_pools, mainiacjoe_overflow_tiny_flanked
D:5:      layout_basic

Skill      XL: |  1  2  3  4  5  6 |
---------------+-------------------+-----
Dodging        | 2 |  2.2
Stealth        | 2 |  2.1
Ranged Weapons | 5 6 7 |  7.6
Fighting       | |  2.7

Action                   |  1- 3 |  4- 6 |  7- 9 || total
-------------------------+-------+-------+-------++-------
 Fire: Shortbow          |    69 |    74 |    19 ||   162
  Use: Potion            |       |     1 |     4 ||     5
Armor: Leather armour    |     9 |     5 |     3 ||    17
Dodge: Dodged            |    17 |    16 |     5 ||    38

Table legend: (Time is in decaauts)
 A = Elapsed time spent in this place.
 B = Non-inter-level travel time spent in this place.
 C = Inter-level travel time spent in this place.
 D = Time resting spent in this place.
 E = Time spent auto-exploring this place.
 F = Levels seen in this place.
 G = Mean time per level.
                   A        B        C        D        E       F      G
               +--------+--------+--------+--------+--------+-----+--------+
         Total |   3288 |   2848 |    440 |    167 |   2205 |   5 |  657.6 |
       Dungeon |   3288 |   2848 |    440 |    167 |   2205 |   5 |  657.6 |
               +--------+--------+--------+--------+--------+-----+--------+

Top non-repeatable levels by time:
     D:3: 1209 daAuts
     D:2: 1052 daAuts
     D:1: 572 daAuts
     D:4: 452 daAuts
     D:5: 1 daAuts
